 Dungeon Crawl Stone Soup version 0.22.0-38-g04b72b8 (webtiles) character file.

80 leisz the Poker (level 4, -1/33 HPs)
             Began as a Merfolk Skald on Aug 30, 2018.
             Killed from afar by an orc wizard (3 damage)
             ... with a magic dart
             ... on level 2 of the Dungeon.
             The game lasted 00:05:18 (2505 turns).

leisz the Poker (Merfolk Skald)                     Turns: 2505, Time: 00:05:19

Health: -1/33      AC:  6    Str: 11    XL:     4   Next: 39%
Magic:  7/7        EV: 11    Int: 13    God:
Gold:   114        SH:  0    Dex: 13    Spells: 6/7 levels left

rFire    + . .     SeeInvis .   a - +0 spear
rCold    x . .     Gourm    .   (no shield)
rNeg     . . .     Faith    .   f - +0 ring mail
rPois    .         Spirit   .   (no helmet)
rElec    .         Reflect  .   (no cloak)
rCorr    .         Harm     .   (no gloves)
MR       .....                  n - +0 pair of boots
Stlth    +.........             (no amulet)
HPRegen  0.11/turn              o - ring of fire
MPRegen  0.10/turn              (no ring)

@: slowed, very slow
A: change form in water, swift swim, stealthy swim
a: no special abilities


You were on level 2 of the Dungeon.
You were not hungry.

You visited 1 branch of the dungeon, and saw 3 of its levels.

You collected 114 gold pieces.

Inventory:

Hand Weapons
 a - a +0 spear (weapon)
 v - a cursed -1 hunting sling
Missiles
 i - 69 sling bullets
 l - 75 stones (quivered)
 s - 7 exploding tomahawks
Armour
 b - a +0 leather armour
 f - a +0 ring mail (worn)
 n - a +0 pair of boots (worn)
Jewellery
 o - a ring of fire (left hand)
Scrolls
 c - a scroll of immolation {unknown}
 e - 2 scrolls of remove curse {unknown}
 k - 2 scrolls of fog {unknown}
 m - 2 scrolls of magic mapping {unknown}
 p - a scroll of blinking {unknown}
 q - 5 scrolls of identify {unknown}
 t - a scroll of enchant weapon {unknown}
Potions
 g - a potion of curing {unknown}
 j - a potion of might {unknown}
 r - a potion of agility {unknown}
 u - a potion of brilliance {unknown}
Comestibles
 d - 4 rations


   Skills:
 - Level 2.1 Fighting
 + Level 5.1 Polearms
 - Level 0.6 Armour
 - Level 2.6 Dodging
 - Level 2.0 Spellcasting
 + Level 4.5 Charms


You had 6 spell levels left.
You knew the following spells:

 Your Spells              Type           Power        Failure   Level  Hunger
a - Infusion              Chrm           ##..         10%         1    ##.....

Your spell library contained the following spells:

 Spells                   Type           Power        Failure   Level  Hunger
 Song of Slaying          Chrm           ##......     14%         2    ###....
 Shroud of Golubria       Chrm/Tloc      #.........   36%         2    ###....
 Regeneration             Chrm/Necr      #.........   58%         3    ####...
 Spectral Weapon          Hex/Chrm       #.......     58%         3    ####...


Dungeon Overview and Level Annotations

Branches:
Dungeon (3/15)

Altars:


Message History

The magic dart hits you!
* * * LOW HITPOINT WARNING * * *
The orc wizard hits you with a dagger.
* * * LOW HITPOINT WARNING * * *
The orc wizard gestures wildly while chanting.
The orc wizard blinks!
The orc wizard gestures wildly while chanting.
The orc wizard blinks!
Your magical contamination has completely faded away.
The orc wizard casts a spell at you. The magic dart hits you!
* * * LOW HITPOINT WARNING * * *
The orc wizard casts a spell.
The orc wizard blinks!
The orc wizard barely misses you. The orc wizard misses you.
You hit the orc wizard.
The orc wizard is almost dead.
The orc wizard points at you and mumbles some strange words.
The magic dart hits you!
You die...

).....## ###.###...## #.....#
...#...## #.).##..### #.....#
#..#....###>####.## #.....#
##.#....##[.# #.#######
#.#####
.#......##.#####.#.....# #.#
.>...............#.....###.#
........#.#......#.....##..#
..........######.#.....##.###
........### ###@#..........#
........######..o<.##.....#.#
......[.....<........#....#.#
.......###...#####....#..#..#
.............# #....###...#
#............# #...###....#
.............# ##..#..#....#
##########...# #..#....#...#
# #...# #..#.....##.#


You could see an orc wizard.

Vanquished Creatures
  3 adders (D:2)
  A worm (D:2)
  2 dart slugs
  2 orcs (D:2)
  2 giant cockroaches (D:2)
  6 goblins
  6 hobgoblins
  2 kobolds (D:1)
  9 bats
  6 frilled lizards
  9 rats
48 creatures vanquished.

Notes
Turn   | Place    | Note
-------+----------+-------------------------------------------
     0 | D:1      | leisz the Merfolk Skald began the quest for the Orb.
     0 | D:1      | Reached XP level 1. HP: 16/16 MP: 3/3
   233 | D:1      | Reached XP level 2. HP: 13/22 MP: 0/5
   754 | D:1      | Reached skill level 4 in Polearms
  1047 | D:2      | Reached XP level 3. HP: 27/27 MP: 6/6
  1461 | D:2      | Reached XP level 4. HP: 14/33 MP: 3/7
  1760 | D:2      | Reached skill level 5 in Polearms
  2505 | D:2      | Killed from afar by an orc wizard

Skill      XL: |  1  2  3  4 |
---------------+-------------+-----
Polearms       | 4 5 |  5.1
Charms         | 4 |  4.5
Fighting       | |  2.1
Armour         | |  0.6
Dodging        | |  2.6
Spellcasting   | |  2.0

Action                   |  1- 3 |  4- 6 || total
-------------------------+-------+-------++-------
Melee: Spear             |   129 |    54 ||   183
Throw: Stone             |       |     6 ||     6
 Cast: Infusion          |     5 |     3 ||     8
  Use: Potion            |       |     1 ||     1
  Eat: Chunk             |     2 |     3 ||     5
Armor: Ring mail         |    40 |    29 ||    69
       Leather armour    |     1 |       ||     1
Dodge: Dodged            |    74 |    23 ||    97
